 Dungeon Crawl Stone Soup version 0.31-a0-187-gba352fbbf7 (webtiles) character file.

Game seed: 14416997581509623288

6193 rocky1 the Basher (level 10, -1/75 (80) HPs)
             Began as a Minotaur Fighter on June 22, 2023.
             Was an Elder of Okawaru.
             Slain by an orc sorcerer
             ... wielding a +0 war axe
              (2 damage)
             ... while paralysed by an orc sorcerer
             ... in a bailey on June 23, 2023.
             The game lasted 00:19:16 (11147 turns).

rocky1 the Basher (Minotaur Fighter)               Turns: 11147, Time: 00:19:17

HP:   -1/75 (80)    AC: 14    Str: 22    XL:     10   Next: 60%
MP:   12/12         EV:  2    Int:  8    God:    Okawaru [****..]
Gold: 795           SH:  0    Dex: 19    Spells: 9/9 levels left

rFire   . . .        a - +0 flail
rCold   . . .        c - +0 buckler
rNeg    . . .        F - +0 steam dragon scales
rPois   .            (helmet restricted)
rElec   .            (no cloak)
rCorr   .            e - +2 pair of gloves
SInv    .            p - +0 pair of boots
Will    .....        (no amulet)
Stlth   ++           y - +4 ring of protection
HPRegen 0.32/turn    D - ring of Myataniq {Int+3 Dex+6}
MPRegen 0.13/turn

%: no passive effects
@: paralysed, drained
A: horns 2, retaliatory headbutt
a: Renounce Religion, Heroism, Finesse


You were in a bailey.
You worshipped Okawaru.
Okawaru was greatly pleased with you.
You visited 2 branches of the dungeon, and saw 10 of its levels.
You also visited: Bailey.

You collected 795 gold pieces.

Inventory:

Hand Weapons
 a - a +0 flail (weapon)
 x - a +3 mace
Missiles
 i - 12 poisoned darts
 m - 12 boomerangs (quivered)
 w - a throwing net
Armour
 c - a +0 buckler (worn)
 e - a +2 pair of gloves (worn)
 j - a +0 plate armour
 p - a +0 pair of boots (worn)
 z - an orb of light
 F - +0 steam dragon scales (worn)
Jewellery
 y - a +4 ring of protection (left hand)
 C - a +4 ring of protection
 D - the ring of Myataniq (right hand) {Int+3 Dex+6}
   (You took it off a centaur on level 8 of the Dungeon)

   [ring of dexterity]

   Int:       It affects your intelligence (+3).
   Dex:       It affects your dexterity (+6).
Wands
 h - a wand of digging (1)
 G - a wand of roots (9)
Scrolls
 k - a scroll of enchant weapon
 l - a scroll of amnesia
 n - a scroll of silence {unknown}
 o - a scroll of fog
 q - 5 scrolls of vulnerability
 s - 2 scrolls of fear
 t - 4 scrolls of teleportation {unknown}
 v - a scroll of revelation
 E - a scroll of poison {unknown}
 H - a scroll of acquirement
Potions
 b - 2 potions of haste {unknown}
 d - a potion of might
 f - a potion of ambrosia {unknown}
 g - a potion of degeneration
 r - a potion of attraction
 u - a potion of curing
 A - a potion of berserk rage {unknown}
 B - a potion of enlightenment {unknown}


   Skills:
 - Level 4.9 Fighting
 * Level 14.1 Maces & Flails
 - Level 4.9 Armour
 + Level 11.0 Shields
 + Level 5.3 Invocations


You had 9 spell levels left.
You didn't know any spells.
Your spell library contained the following spells:

 Spells                   Type           Power      Damage    Failure   Level
 Foxfire                  Conj/Fire      0%         2x1d4     43%         1
 Blink                    Tloc           0%         N/A       58%         2
 Lesser Beckoning         Tloc           0%         N/A       58%         2
 Momentum Strike          Conj/Tloc      0%         3d8       58%         2
 Poisonous Vapours        Pois/Air       0%         N/A       58%         2
 Mephitic Cloud           Conj/Pois/Air  0%         N/A       82%         3
 Fireball                 Conj/Fire      0%         3d3       100%        5
 Freezing Cloud           Conj/Ice/Air   0%         6-21      100%        5
 Plasma Beam              Fire/Air       0%         2x1d10    100%        6
 Starburst                Conj/Fire      0%         6d3       100%        6


Dungeon Overview and Level Annotations

Branches:
Dungeon (9/15)             Temple (1/1) D:5            Lair (0/5) D:9
 Bailey (1/1)
    Orc: D:9-12

Altars:
Ashenzari
Cheibriados
Dithmenos
Elyvilon
Fedhas
Gozag
Hepliaklqana
Kikubaaqudgha
Makhleb
Nemelex Xobeh
Okawaru
Qazlal
Ru
Sif Muna
Trog
Uskayaw
Vehumet
Wu Jian
Xom
Yredelemnul
Zin

Shops:
D:8 (

Annotations:
D:4 3 runed translucent doors, rabbitsville's ghost, novice HOFi


Innate Abilities, Weirdness & Mutations

You have a pair of horns on your head.
You reflexively headbutt those who attack you in melee.


Message History

The hellwing hits you.
The orc sorcerer hits you but does no damage.
The hellwing hits you. x2
You can move again.
Unknown command.
You barely miss the orc sorcerer.
The orc sorcerer hits you but does no damage.
You hit the orc sorcerer.
You headbutt the orc sorcerer, but do no damage.
The orc sorcerer is lightly wounded.
You block the hellwing's attack. The hellwing misses you.
You thump the orc sorcerer! You headbutt the orc sorcerer!
The orc sorcerer is heavily wounded.
The orc sorcerer gestures at you while chanting.
The bolt of fire hits you!!
* * * LOW HITPOINT WARNING * * *
The hellwing hits you!
* * * LOW HITPOINT WARNING * * *
The hellwing barely misses you.
Okay, then.
You feel better.
The orc sorcerer hits you but does no damage.
You block the hellwing's attack. x2
Unknown command.
You completely miss the orc sorcerer.
The orc sorcerer is heavily wounded.
The orc sorcerer hits you with a +0 war axe.
* * * LOW HITPOINT WARNING * * *
The hellwing misses you. You furiously retaliate!
You headbutt the hellwing! You block the hellwing's attack.
Unknown command.
You sock the orc sorcerer!
The orc sorcerer is severely wounded.
The orc sorcerer gestures at you while chanting.
You suddenly lose the ability to move!
The hellwing hits you!
* * * LOW HITPOINT WARNING * * *
The hellwing hits you but does no damage.
The orc sorcerer hits you with a +0 war axe.
You die...

#≈≈≈ ######~~~~~~~~~~~~
#≈≈≈≈ #.#..'............
#≈≈≈≈ #'#..#############
#≈≈≈≈≈#...)'.....#).....
#≈≈≈≈≈#...)#.....).8.8.8
#≈≈≈≈≈#.##############.)
#≈≈≈≈≈~.#??+ #..
#≈≈≈≈≈~.#!!# #..
#≈≈≈≈≈~@#..# ###
#≈≈≈≈≈4o#### #.
#≈≈≈≈≈~.# #. #≈≈≈≈≈~∩.
#. #≈≈≈≈≈~.# #.
#≈≈≈≈≈~.# #. #≈≈≈≈≈~.#
### #≈≈≈≈≈~.# #.. #..


You could see a hellwing (summoned) and an orc sorcerer.

Vanquished Creatures
  A two-headed ogre (D:8)
  An orc knight (Bailey)
  Pikel (D:7)
  A wyvern (D:8)
  4 steam dragons
  Menkaure (D:7)
  An acid dragon (D:8)
  2 water moccasins (D:7)
  10 orc warriors
  3 ice beasts
  4 black bears
  2 sky beasts (D:8)
  2 centaurs
  A phantom (D:6)
  A lemure (D:7)
  A kobold brigand (D:7)
  A scorpion (D:5)
  4 bullfrogs
  3 wights (D:8)
  2 howler monkeys
  2 lava snakes (D:8)
  2 orc priests
  2 gnoll boudas (D:7)
  4 hounds
  Jessica (D:3)
  2 sleepcaps (D:5)
  5 iguanas
  An orc wizard (D:6)
  20 gnolls
  7 adders
  A shadow imp (D:7)
  A white imp (D:7)
  5 ufetubi
  3 worms
  2 dart slugs
  45 orcs
  3 ball pythons
  5 endoplasms
  6 giant cockroaches
  4 goblins
  7 hobgoblins
  3 jackals (D:1)
  A quokka (D:3)
  4 bats
  5 frilled lizards
  4 kobolds
  7 rats
198 creatures vanquished.

Vanquished Creatures (others)
  A centaur (D:8)
  A gnoll (D:8)
2 creatures vanquished.

Grand Total: 200 creatures vanquished

Notes
Turn   | Place    | Note
-------+----------+-------------------------------------------
     0 | D:1      | rocky1 the Minotaur Fighter began the quest for the Orb.
     0 | D:1      | Reached XP level 1. HP: 19/19 MP: 0/0
    65 | D:1      | Found a faded altar of an unknown god.
    70 | D:1      | Reached XP level 2. HP: 27/27 MP: 1/1
   503 | D:2      | Reached skill level 3 in Maces & Flails
   503 | D:2      | Reached XP level 3. HP: 33/33 MP: 2/2
  1111 | D:2      | Reached XP level 4. HP: 40/40 MP: 3/3
  1140 | D:2      | Upgraded the game from 0.31-a0-182-gc5ef74bbde to
                  | 0.31-a0-187-gba352fbbf7
  1723 | D:3      | Found a shimmering altar of Xom.
  1729 | D:3      | Reached XP level 5. HP: 45/47 MP: 4/4
  2078 | D:3      | Noticed Jessica
  2083 | D:3      | Killed Jessica
  2084 | D:3      | Reached skill level 4 in Maces & Flails
  2460 | D:4      | Noticed a black bear
  2468 | D:4      | Reached skill level 5 in Shields
  2474 | D:4      | Killed a black bear
  2475 | D:4      | Reached XP level 6. HP: 45/55 MP: 5/5
  2477 | D:4      | Reached skill level 5 in Maces & Flails
  2737 | D:4      | Found a runed translucent gate.
  2738 | D:4      | Found a runed translucent gate.
  2738 | D:4      | Noticed rabbitsville's ghost (novice HOFi)
  2779 | D:4      | Found a sparkling altar of Nemelex Xobeh.
  2847 | D:4      | Found a burning altar of Makhleb.
  2859 | D:4      | Found a runed translucent gate.
  3394 | D:5      | Entered Level 5 of the Dungeon
  3451 | D:5      | Noticed an ice beast
  3465 | D:5      | Killed an ice beast
  3618 | D:5      | Reached skill level 6 in Maces & Flails
  3759 | D:5      | Reached XP level 7. HP: 59/60 MP: 6/6
  4131 | D:5      | Reached skill level 7 in Maces & Flails
  4311 | D:5      | Found a staircase to the Ecumenical Temple.
  4324 | Temple   | Entered the Ecumenical Temple
  4384 | Temple   | Became a worshipper of Warmaster Okawaru
  4796 | D:6      | Reached skill level 8 in Maces & Flails
  4801 | D:6      | Reached XP level 8. HP: 49/67 MP: 7/7
  5175 | D:6      | Found a shadowy altar of Dithmenos.
  5190 | D:6      | Reached * piety under Okawaru
  5191 | D:6      | Reached skill level 9 in Maces & Flails
  6130 | D:6      | Reached skill level 10 in Maces & Flails
  6852 | D:7      | Reached ** piety under Okawaru
  6853 | D:7      | Reached XP level 9. HP: 29/73 MP: 8/8
  7298 | D:7      | Noticed Menkaure
  7305 | D:7      | Killed Menkaure
  7306 | D:7      | Reached skill level 11 in Maces & Flails
  7489 | D:7      | Reached skill level 1 in Invocations
  7913 | D:7      | Noticed Pikel
  7925 | D:7      | Killed Pikel
  8057 | D:7      | Reached skill level 12 in Maces & Flails
  8276 | D:7      | Reached *** piety under Okawaru
  9251 | D:8      | Found a stormy altar of Qazlal.
  9544 | D:8      | Identified the ring of Myataniq {Int+3 Dex+6}
  9551 | D:8      | Reached skill level 10 in Shields
  9581 | D:8      | Noticed a two-headed ogre
  9595 | D:8      | Killed a two-headed ogre
  9596 | D:8      | Reached skill level 13 in Maces & Flails
  9596 | D:8      | Reached XP level 10. HP: 47/80 MP: 10/12
 10054 | D:8      | Found Posie's Antique Weapon Emporium.
 10127 | D:8      | Reached **** piety under Okawaru
 10275 | D:9      | Noticed a two-headed ogre
 10423 | D:9      | Found a broken altar of Ashenzari.
 10426 | D:9      | Found a hide-covered altar of Uskayaw.
 10426 | D:9      | Found a basalt altar of Yredelemnul.
 10426 | D:9      | Found a glowing silver altar of Zin.
 10447 | D:9      | Found a flagged portal.
 10480 | Bailey   | Entered a bailey
 10781 | Bailey   | Noticed an orc knight
 10805 | Bailey   | Killed an orc knight
 10806 | Bailey   | Reached skill level 14 in Maces & Flails
 10806 | Bailey   | Reached skill level 5 in Invocations
 11134 | Bailey   | Noticed an orc sorcerer
 11138 | Bailey   | Paralysed by an orc sorcerer for 3 turns
 11146 | Bailey   | Paralysed by an orc sorcerer for 3 turns
 11147 | Bailey   | HP: 1/75 [hellwing[an orc sorcerer] (10)]
 11147 | Bailey   | Slain by an orc sorcerer

Illustrated notes

Levels and vault maps discovered:
D:1:      scummos_arrival_simple_crosswalls, layout_rooms,
          hellmonk_ecumenical_altar_dog_temple
D:2:      layout_basic
D:3:      layout_loops_ring, tgw_xom, uniq_jessica
D:4:      layout_cave_pods, mainiacjoe_overflow_six_doors_small,
          mainiacjoe_overflow_cross_hatched, gammafunk_ghost_nasty_kobolds
D:5:      layout_loops_cross, minmay_temple_entry_proselytizer
D:6:      layout_basic, mainiacjoe_overflow_alcove_2
D:7:      minmay_polygon_palace, layout_basic, lemuel_flamethrower_2,
          uniq_pikel, uniq_menkaure
D:8:      layout_cave_pools, nicolae_qazlal_scattered_showers,
          kennysheep_diamond
D:9:      layout_loops_cross, nicolae_overflow_hidden_temple,
          lemuel_coloured_pillars_altar, david_lair_shrubbed, enter_bailey_5,
          minivault_25, minmay_fractal_squares_diagonal_5, uniq_gastronok
Temple:   nicolae_temple_hex_pool
Bailey:   bailey_axe_of_yendor_kennysheep, bailey

Skill      XL: |  1  2  3  4  5  6  7  8  9 10 |
---------------+-------------------------------+-----
Fighting       | 4 |  4.9
Armour         | 4 |  4.9
Shields        | 4 5 6 7 8 10 11 | 11.0
Maces & Flails | 3 4 6 8 10 13 14 | 14.1
Invocations    | 4 5 |  5.3

Action                     |  1- 3 |  4- 6 |  7- 9 | 10-12 || total
---------------------------+-------+-------+-------+-------++-------
  Melee: Flail             |    84 |   129 |   295 |   149 ||   657
         Headbutt          |    11 |    27 |    56 |    33 ||   127
   Fire: Sling             |     9 |       |       |       ||     9
  Throw: Boomerang         |       |     3 |       |       ||     3
 Invoke: Heroism           |       |       |       |     1 ||     1
  Evoke: Wand              |       |       |       |     2 ||     2
    Use: Scroll            |       |       |    11 |     1 ||    12
         Potion            |       |       |     1 |     2 ||     3
   Stab: Invisible         |       |       |       |     2 ||     2
 Armour: Scale mail        |    38 |    84 |   163 |     6 ||   291
         Steam dragon scal |       |       |       |    44 ||    44
  Dodge: Dodged            |    39 |    66 |   147 |    44 ||   296
  Block: Buckler           |    25 |    34 |    90 |    37 ||   186

Table legend: (Time is in decaauts)
 A = Elapsed time spent in this place.
 B = Non-inter-level travel time spent in this place.
 C = Inter-level travel time spent in this place.
 D = Time resting spent in this place.
 E = Time spent auto-exploring this place.
 F = Levels seen in this place.
 G = Mean time per level.
                   A        B        C        D        E       F      G
               +--------+--------+--------+--------+--------+-----+--------+
         Total |  11147 |  10903 |    244 |   3736 |   5139 |  11 | 1013.4 |
       Dungeon |  10421 |  10189 |    232 |   3326 |   5131 |   9 | 1157.9 |
        Temple |     82 |     70 |     12 |      0 |      8 |   1 |   82.0 |
        Bailey |    642 |    642 |      0 |    410 |      0 |   1 |  642.0 |
               +--------+--------+--------+--------+--------+-----+--------+

Top non-repeatable levels by time:
     D:7: 2291 daAuts
     D:6: 2248 daAuts
     D:8: 1267 daAuts
     D:2: 1218 daAuts
     D:5: 1075 daAuts
     D:4: 1032 daAuts
     D:3: 742 daAuts
  Bailey: 642 daAuts
     D:1: 459 daAuts
     D:9: 85 daAuts
  Temple: 82 daAuts
